Map: NeoHumanity LE

Players

BlueTerran - Winner!

  • Race: Terran Terran
  • League: Silver
  • Spawn Location: 5:00

winzboy

  • Race: Protoss Protoss
  • League: Gold
  • Spawn Location: 11:00

VOD

Have the link to the VOD?

Description

Time

  • Played on: May 24, 2023, 2:50 a.m.
  • Length: 14:40
Show
View Real Time Build Order
Export as new Build Order

BlueTerran Terran - Winner!

Build Orders:  

Get SALT Encoding   

  12  0:00  SCV  
  13  0:12  SCV  
  14  0:18  Supply Depot  
  14  0:25  SCV  
  15  0:40  SCV  
  15  0:41  Barracks  
  16  0:44  Refinery  
  16  0:52  SCV  
  17  1:04  SCV  
  18  1:16  SCV  
  19  1:28  SCV, Reaper  
  21  1:36  Command Center  
  21  1:42  Orbital Command  
  21  1:52  Refinery  
  21  1:58  Supply Depot  
  21  2:00  Reaper  
  22  2:07  SCV  
  23  2:20  SCV  
  24  2:25  Factory  
  23  2:45  Barracks Reactor  
  23  2:46  SCV  
  23  2:51  Orbital Command  
  24  2:59  SCV, Supply Depot  
  24  3:13  Factory Tech Lab  
  24  3:20  SCV x2  
  24  3:21  Starport  
  24  3:23  Marine x2  
  28  3:32  SCV  
  29  3:37  Supply Depot  
  29  3:55  Barracks Tech Lab  
  29  3:59  Supply Depot  
  29  4:05  Barracks  
  29  4:07  Starport Reactor  
  29  4:08  Barracks Tech Lab  
  29  4:11  Hellion  
  29  4:12  Hellion  
  33  4:22  SCV x2, Supply Depot  
  35  4:29  Refinery  
  35  4:33  Hellion x2  
  35  4:34  SCV  
  35  4:35  Engineering Bay  
  35  4:38  Engineering Bay  
  40  4:46  Medivac x2  
  40  4:50  Marine  
  40  4:51  Stimpack  
  45  4:53  Marine  
  45  4:57  Barracks  
  45  4:59  SCV x2  
  48  5:02  Terran Infantry Weapons Level 1  
  48  5:06  Terran Infantry Armor Level 1  
  48  5:08  Marine  
  48  5:11  SCV x2  
  51  5:23  Medivac x2  
  55  5:32  Marine x3  
  55  5:33  Siege Tank  
  61  5:39  SCV x2  
  63  5:45  Refinery  
  63  5:51  SCV x2  
  63  6:33  Barracks Reactor  
  63  6:37  Factory  
  63  6:40  Marine x3  
  66  6:47  Armory  
  66  6:54  Command Center, Siege Tank  
  66  6:55  Medivac  
  66  6:58  Marine  
  66  6:59  Marauder  
  74  7:02  SCV x2  
  76  7:14  Marine, SCV  
  78  7:20  Marine x3, Marauder  
  83  7:24  Supply Depot  
  83  7:26  Siege Tank  
  86  7:38  Factory Tech Lab  
  86  7:40  Terran Infantry Weapons Level 2, Terran Infantry Armor Level 2  
  86  7:42  Terran Vehicle Weapons Level 1  
  86  7:46  Marauder, Supply Depot  
  86  7:47  Supply Depot  
  88  7:56  Sensor Tower  
  88  7:57  Marine x2  
  90  7:59  Marine x2  
  92  8:07  Marauder  
  92  8:09  Supply Depot x2  
  90  8:28  Marauder  
  90  8:32  Supply Depot  
  91  8:45  Marine x3  
  91  8:46  Marine  
  80  8:48  Siege Tank  
  80  8:49  Siege Tank  
  80  8:50  Marauder  
  71  8:56  Supply Depot  
  63  9:03  Marine x2  
  65  9:11  Marauder  
  67  9:21  Siege Tank x2  
  73  9:27  Supply Depot  
  73  9:30  Marine x4  
  77  9:32  Marauder  
  79  9:45  Planetary Fortress  
  79  9:48  Marine x2  
  81  9:53  Widow Mine x2  
  81  9:54  Marauder  
  87  10:06  Refinery  
  87  10:09  Marine x4  
  91  10:14  Widow Mine  
  91  10:15  Widow Mine, Marine, Terran Infantry Weapons Level 3  
  96  10:32  Sensor Tower  
  96  10:33  Marauder  
  98  10:35  Siege Tank  
  98  10:36  Siege Tank  
  98  10:39  Refinery  
  98  10:41  Marine x4  
  108  10:54  Marauder  
  110  11:00  Terran Infantry Armor Level 3  
  110  11:08  Siege Tank x2  
  110  11:11  Viking x2  
  120  11:13  Marine x4  
  120  11:15  Command Center  
  120  11:16  Marauder  
  126  11:31  Marine x4  
  130  11:33  Supply Depot  
  130  11:37  Marauder, Combat Shield  
  132  11:42  Terran Vehicle Weapons Level 2  
  132  11:44  Viking x2  
  136  11:49  Marine x4  
  140  11:59  Marauder  
  142  12:06  Marine  
  142  12:07  Marine  
  144  12:14  Marine x2  
  146  12:16  Siege Tank x2  
  146  12:19  Marine  
  153  12:24  Marine x2  
  153  12:27  SCV  
  156  12:33  Refinery  
  156  12:38  Orbital Command  
  154  12:48  Siege Tank x2  
  160  12:55  Concussive Shells  
  160  13:00  Refinery  
  160  13:28  Marine  
  160  13:29  Marine x4  
  160  13:32  Siege Tank x2  
  160  13:33  Medivac x2  
  175  13:46  Marine  
  175  13:48  Marauder  
  178  13:54  Marine x3  
  155  14:03  Medivac  
  155  14:04  Marine, Siege Tank x2  
  155  14:09  Marauder  
  166  14:12  Marine x3  
Show
View Real Time Build Order
Export as new Build Order

winzboy Protoss 

Build Orders:  

Get SALT Encoding   

  12  0:03  Probe  
  13  0:15  Probe (Chrono Boost)  
  14  0:22  Pylon  
  14  0:27  Probe (Chrono Boost)  
  15  0:47  Probe  
  15  0:49  Gateway  
  16  0:59  Probe, Assimilator  
  17  1:11  Probe  
  18  1:23  Probe  
  19  1:35  Probe  
  19  1:37  Cybernetics Core  
  20  1:47  Probe  
  21  1:55  Nexus  
  21  1:59  Probe  
  22  2:05  Pylon  
  22  2:12  Probe, Warp Gate (Chrono Boost)  
  22  2:21  Adept (Chrono Boost)  
  22  2:22  Assimilator  
  22  2:24  Probe  
  25  2:36  Probe  
  26  2:48  Probe  
  27  3:08  Probe  
  27  3:15  Probe  
  28  3:20  Probe  
  28  3:24  Pylon  
  28  3:26  Gateway  
  29  3:27  Probe  
  29  3:29  Gateway  
  29  3:31  Robotics Facility  
  29  3:32  Probe  
  31  3:39  Probe, Stalker  
  34  3:44  Probe  
  35  3:51  Probe  
  36  3:56  Assimilator  
  36  4:03  Shield Battery  
  36  4:08  Stalker  
  38  4:12  Pylon  
  38  4:13  Probe x2  
  38  4:14  Twilight Council  
  40  4:19  Observer  
  41  4:28  Adept  
  41  4:29  Adept  
  41  4:31  Probe (Chrono Boost)  
  47  4:35  Probe (Chrono Boost)  
  47  4:41  Probe (Chrono Boost)  
  47  4:45  Probe (Chrono Boost)  
  49  4:46  Probe (Chrono Boost)  
  49  4:47  Immortal  
  49  4:48  Charge (Chrono Boost)  
  54  4:55  Probe  
  54  4:57  Probe  
  56  5:05  Assimilator  
  57  5:07  Probe  
  57  5:09  Probe  
  57  5:14  Pylon  
  58  5:16  Stalker  
  58  5:17  Pylon  
  58  5:19  Probe  
  61  5:21  Probe  
  62  5:32  Probe  
  62  5:33  Probe  
  64  5:44  Probe  
  64  5:45  Probe  
  64  5:48  Pylon  
  66  5:52  Pylon  
  66  5:54  Gateway  
  66  5:55  Gateway  
  66  5:56  Probe  
  66  6:02  Zealot x2  
  64  6:17  Stalker  
  62  6:33  Zealot  
  62  6:34  Zealot  
  66  6:40  Probe  
  66  6:41  Probe  
  68  6:51  Gateway  
  68  6:52  Gateway  
  68  6:53  Probe x2  
  70  6:54  Gateway  
  70  6:59  Forge  
  70  7:03  Pylon, Stalker x2  
  70  7:04  Stalker  
  70  7:05  Probe x2 (Chrono Boost)  
  70  7:07  Pylon  
  78  7:17  Probe (Chrono Boost)  
  78  7:18  Probe (Chrono Boost)  
  80  7:26  Probe x2 (Chrono Boost)  
  82  7:30  Zealot x3  
  82  7:31  Probe x2 (Chrono Boost)  
  90  7:43  Probe x2  
  92  8:02  Stalker  
  92  8:03  Stalker x2  
  98  8:09  Zealot  
  98  8:10  Zealot x3  
  98  8:11  Zealot  
  104  8:27  Templar Archives  
  104  8:30  Zealot x4  
  104  8:36  Zealot x2  
  104  8:37  Zealot  
  76  9:16  Zealot x3  
  82  9:17  Zealot  
  82  9:18  Stalker x3  
  90  9:28  Gateway x2  
  90  9:29  Gateway  
  90  9:33  Probe  
  90  9:34  Probe  
  90  9:38  High Templar x3  
  96  9:39  High Templar  
  96  9:45  Nexus  
  100  9:46  Probe x2, High Templar x2  
  100  9:47  High Templar, Pylon  
  100  9:51  Pylon  
  108  9:53  Pylon  
  108  9:54  Archon x2  
  108  9:55  Archon  
  108  9:58  Probe  
  109  10:18  Immortal (Chrono Boost), Zealot x2  
  109  10:19  Zealot x2  
  121  10:41  Zealot x2  
  121  10:42  Zealot x2  
  129  10:43  Sentry  
  129  10:44  High Templar  
  133  10:53  Pylon  
  133  10:56  Pylon  
  137  10:57  High Templar, Immortal  
  137  10:58  High Templar x3  
  137  10:59  Pylon  
  137  11:01  Pylon  
  137  11:02  Archon  
  145  11:18  Pylon  
  145  11:20  Archon x2  
  145  11:36  Immortal  
  145  11:39  Pylon  
  148  11:52  Probe x2  
  150  12:04  Probe x2, High Templar x2  
  150  12:05  High Templar x3  
  150  12:06  High Templar x2  
  167  12:15  Observer  
  167  12:17  Archon x2  
  167  12:18  Archon  
  167  12:21  High Templar  
  169  12:23  Zealot x2  
  173  12:36  Warp Prism, Protoss Ground Weapons Level 1 (Chrono Boost)  
  167  12:56  Zealot x4  
  148  13:10  Zealot  
  148  13:11  Zealot x3  
  148  13:12  Zealot x2  
  158  13:22  Zealot  
  158  13:23  Zealot x2  
  158  13:24  Zealot  
  166  13:30  Assimilator  
  166  13:32  Zealot  
  166  13:33  Zealot x3  
  166  13:34  Zealot, Assimilator  
  174  13:35  Zealot  
  174  13:41  Pylon  
  178  13:43  Pylon  
  120  14:01  Zealot x2  
  120  14:02  Zealot x2  
  100  14:03  Zealot  
  98  14:12  Zealot  
  98  14:13  Zealot x2  
  98  14:14  Zealot  
  96  14:29  Nexus  
  96  14:30  Zealot x2  
  96  14:31  Zealot x3  
  64  14:32  Zealot  
  64  14:34  Zealot x2  
  64  14:35  Zealot x2  
Tags
 
Matchup
PvT
Replay Pack
Multiplayer
Spawn Locations
Cross Positions
Add a new tag
Caveats
  • Supply blocks, unpowered buildings, or Contaminate may cause inaccurate times.
  • Supply counts are checked every 10 seconds.